 Dungeon Crawl Stone Soup version 0.22-a0-782-g038298e (webtiles) character file.

1481 KyrpaJooseppi the Fighter (level 8, -3/74 HPs)
             Began as a Ghoul Wizard on July 20, 2018.
             Slain by a wight
             ... wielding a +0 war axe
              (17 damage)
             ... on level 7 of the Dungeon.
             The game lasted 00:15:14 (3398 turns).

KyrpaJooseppi the Fighter (Ghoul Wizard)            Turns: 3398, Time: 00:15:15

Health: -3/74      AC:  5    Str: 11    XL:     8   Next: 79%
Magic:  11/11      EV: 13    Int: 15    God:
Gold:   254        SH:  0    Dex:  7    Spells: 3/12 levels left

rFire    . . .     SeeInvis .   a - +3 dagger (drain)
rCold    + . .     Gourm    .   (no shield)
rNeg     + + +     Faith    .   f - +2 robe {rN+}
rPois    ∞         Spirit   .   l - +0 hat
rElec    .         Reflect  .   (no cloak)
rCorr    +         Harm     .   (no gloves)
MR       .....                  m - +0 pair of boots
Stlth    ++........             R - amulet of regeneration
HPRegen  0.00/turn              K - ring of resist corrosion
MPRegen  0.12/turn              (no ring)

@: rotting
A: rotting body, claws 1, carnivore, cold resistance 1, negative energy
resistance 3, inhibited regeneration, torment resistance, unbreathing
a: no special abilities


You were on level 7 of the Dungeon.
You were not hungry.

You visited 1 branch of the dungeon, and saw 5 of its levels.

You collected 254 gold pieces.

Inventory:

Hand Weapons
 a - a +3 dagger of draining (weapon)
 b - a +1 dagger of venom
Missiles
 i - 7 silver tomahawks (quivered)
 j - a throwing net
Armour
 f - a +2 robe of positive energy (worn)
 l - a +0 hat (worn)
 m - a +0 pair of boots (worn)
Jewellery
 e - an uncursed amulet of magic regeneration {unknown}
 K - a ring of resist corrosion (left claw)
 R - an amulet of regeneration (around neck)
Wands
 o - a wand of clouds (4)
Scrolls
 g - 5 scrolls of remove curse
 q - a scroll of identify
Potions
 c - a potion of might {unknown}
 h - a potion of agility
 k - 2 potions of cancellation {unknown}
 n - a potion of curing {unknown}
 p - a potion of haste {unknown}
Miscellaneous
 r - a box of beasts
Comestibles
 d - 8 rations


   Skills:
 + Level 8.1 Fighting
 + Level 5.9 Dodging
 - Level 2.1 Stealth
 - Level 4.4 Unarmed Combat
 - Level 2.6 Spellcasting
 - Level 0.7 Conjurations
   Level 0.8 Summonings
 - Level 0.8 Translocations


You had 3 spell levels left.
You knew the following spells:

 Your Spells              Type           Power        Failure   Level  Hunger
b - Blink                 Tloc           N/A          22%         2    ##.....
c - Conjure Flame         Conj/Fire      #.......     47%         3    ###....
m - Mephitic Cloud        Conj/Pois/Air  #.......     50%         3    ###....
z - Magic Dart            Conj           #...         16%         1    #......

Your spell library contained the following spells:

 Spells                   Type           Power        Failure   Level  Hunger
 Slow                     Hex            #.......     30%         2    ##.....
 Confuse                  Hex            #.......     52%         3    ###....
 Call Imp                 Summ           #.......     22%         2    ##.....
 Confusing Touch          Hex            #.....       21%         1    #......
 Metabolic Englaciation   Hex/Ice        #.........   99%         5    ######.
 Petrify                  Tmut/Erth      #.......     90%         4    #####..
 Gell's Gravitas          Tloc           #.........   41%         3    ###....
 Yara's Violent Unravell  Hex/Tmut       #.........   99%         5    ######.


Dungeon Overview and Level Annotations

Branches:
Dungeon (7/15)
 Temple: D:4-7

Altars:
Makhleb
Nemelex Xobeh
Ru
Wu Jian

Shops:
D:7 %


Innate Abilities, Weirdness & Mutations

Your body is rotting away.
You thrive on raw meat.
You are immune to poison.
You have sharp fingernails.
You are carnivorous and can eat meat at any time.
Your flesh is cold resistant. (rC+)
You are immune to negative energy. (rN+++)
You do not regenerate when monsters are visible.
You are immune to unholy pain and torment.
You can survive without breathing.


Message History

* * * LOW HITPOINT WARNING * * *
You hit the wight.
The wight is heavily damaged.
You closely miss the wight.
The wight is heavily damaged.
The wight closely misses you.
You hit the wight but do no damage.
The wight is heavily damaged.
The wight closely misses you.
You hit the wight.
The wight is severely damaged.
The wight hits you with a war axe.
* * * LOW HITPOINT WARNING * * *
You barely miss the wight.
The wight is severely damaged.
The wight closely misses you.
You barely miss the wight.
The wight is heavily damaged.
The wight hits you with a war axe!
You die...

#..............
#..#
#..............
#..
#...............
#........#..####
#........#....
#........#.).#####
######.#.#.......#
#.#.##..###.#
#.#.....# #@#
#.#####.# #z#
#.#####.# #.#
#.......# #.#
######### #.# #.#
#.# #.#


You could see a wight.

Vanquished Creatures
  2 ice beasts
  A centaur (D:6)
  2 ogres (D:7)
  A big kobold (D:7)
  2 bullfrogs (D:6)
  A scorpion (D:6)
  4 killer bees (D:7)
  2 wights (D:7)
  2 jellies (D:7)
  A bullfrog zombie (D:7)
  A bullfrog skeleton (D:6)
  A centaur skeleton (D:7)
  A centaur zombie (D:7)
  Jessica (D:2)
  An iguana (D:6)
  3 worker ants
  4 orc wizards
  3 adders
  A howler monkey skeleton (D:6)
  2 adder skeletons
  4 leopard geckos
  15 orcs
  5 giant cockroaches
  9 goblins
  6 hobgoblins
  11 jackals
  5 kobolds
  A quokka (D:7)
  A ball python (D:1)
  4 bats
  A frilled lizard (D:2)
  6 rats
104 creatures vanquished.

Notes
Turn   | Place    | Note
-------+----------+-------------------------------------------
     0 | D:1      | KyrpaJooseppi the Ghoul Wizard began the quest for the Orb.
     0 | D:1      | Reached XP level 1. HP: 14/14 MP: 3/3
   224 | D:1      | Reached skill level 1 in Fighting
   224 | D:1      | Reached skill level 1 in Unarmed Combat
   224 | D:1      | Reached XP level 2. HP: 22/22 MP: 4/4
   581 | D:1      | Reached XP level 3. HP: 22/29 MP: 6/6
   607 | D:1      | Reached skill level 2 in Fighting
   940 | D:2      | Found an ornate altar of the Wu Jian Council.
  1153 | D:2      | Found a sparkling altar of Nemelex Xobeh.
  1156 | D:2      | Noticed Jessica
  1175 | D:2      | Killed Jessica
  1175 | D:2      | Reached XP level 4. HP: 30/37 MP: 1/7
  1526 | D:2      | Found a sacrificial altar of Ru.
  1644 | D:2      | Reached skill level 3 in Fighting
  1791 | D:3      | You fall through a shaft for 3 floors!
  1813 | D:6      | Reached XP level 5. HP: 11/45 MP: 8/8
  1885 | D:6      | Reached skill level 4 in Fighting
  1898 | D:6      | Reached XP level 6. HP: 24/52 MP: 9/9
  1935 | D:6      | Learned a level 3 spell: Mephitic Cloud
  1939 | D:6      | Learned a level 3 spell: Conjure Flame
  2155 | D:6      | Reached skill level 5 in Fighting
  2178 | D:6      | Reached XP level 7. HP: 58/61 MP: 10/10
  2332 | D:6      | Found a burning altar of Makhleb.
  2357 | D:6      | Learned a level 2 spell: Blink
  2647 | D:6      | Reached skill level 6 in Fighting
  2980 | D:7      | Found a sand-covered staircase.
  3025 | D:7      | Reached XP level 8. HP: 49/71 MP: 11/11
  3118 | D:7      | Reached skill level 7 in Fighting
  3146 | D:7      | Reached skill level 5 in Dodging
  3247 | D:7      | Found Jussono's Food Boutique.
  3367 | D:7      | Reached skill level 8 in Fighting
  3398 | D:7      | Slain by a wight

Vault maps used:
D:1:      lemuel_arrival_river_passageway
D:2:      nemelex_xobeh_ov_fountains_minmay, lemuel_crystal_altar,
          lemuel_doored_altar, minmay_misc_feat_rugged, uniq_jessica
D:3:      kennysheep_slug_shrine, nicolae_overflow_crystal_walls
D:6:      bloody_makhleb
D:7:      kennysheep_big_flooded_room, temple_hall, serial_shops,
          nicolae_shop_waterfront, nicolae_ossuary_entry_plus, grunt_ogre_cave

Skill      XL: |  1  2  3  4  5  6  7  8 |
---------------+-------------------------+-----
Fighting       | 1 2 3 4 5 6 8 |  8.1
Unarmed Combat | 1 2 3 4 |  4.4
Dodging        | 2 4 5 |  5.9
Stealth        | |  2.1
Spellcasting   | |  2.6
Conjurations   | |  0.7
Summonings     | |  0.8
Translocations | |  0.8

Action                   |  1- 3 |  4- 6 |  7- 9 || total
-------------------------+-------+-------+-------++-------
Melee: Unarmed           |   112 |    40 |       ||   152
       Dagger            |       |   100 |   243 ||   343
       Punch             |       |     1 |     6 ||     7
Throw: Tomahawk          |       |     5 |       ||     5
 Cast: Magic Dart        |    49 |     2 |       ||    51
  Use: Scroll            |     1 |     3 |     4 ||     8
       Potion            |       |     1 |       ||     1
 Stab: Sleeping          |     1 |       |     3 ||     4
  Eat: Chunk             |    13 |    21 |    25 ||    59
Armor: Robe              |    12 |    31 |    50 ||    93
Dodge: Dodged            |    69 |   100 |   163 ||   332

Table legend:
 A = Spawn XP
 B = Non-spawn XP
 C = Spawn XP percentage of total XP
 D = Spawn monster count
 E = Non-spawn monster count
 F = Spawn count percentage of total count
 G = Total turns spent on level
                    A         B        C        D         E        F      G
               +---------+---------+-------+---------+---------+-------+---------
         Total |       0 |    2116 |   0.0 |       0 |     104 |   0.0 |  3398
               +---------+---------+-------+---------+---------+-------+---------
           D:1 |       0 |      52 |   0.0 |       0 |      29 |   0.0 |   866
           D:2 |       0 |      86 |   0.0 |       0 |      26 |   0.0 |   862
           D:3 |       0 |      16 |   0.0 |       0 |       2 |   0.0 |    63
           D:6 |       0 |     793 |   0.0 |       0 |      22 |   0.0 |   993
           D:7 |       0 |    1169 |   0.0 |       0 |      25 |   0.0 |   614
               +---------+---------+-------+---------+---------+-------+---------
